Map: Ruines de Seras

Players

Snake - Winner!

  • Race: Protoss Protoss
  • League: Gold

wowscortcher

  • Race: Zerg Zerg
  • League: Silver

VOD

Have the link to the VOD?

Description

Time

  • Played on: Aug. 21, 2015, 8:06 a.m.
  • Length: 15:40
Show
View Real Time Build Order
Export as new Build Order

Snake Protoss - Winner!

Build Orders: Nexus First 

Get SALT Encoding   

  12  0:15  Probe  
  12  0:18  Pylon  
  13  0:28  Probe  
  14  0:40  Probe  
  15  1:02  Probe  
  15  1:03  Nexus  
  16  1:14  Probe  
  17  1:18  Gateway  
  17  1:26  Probe  
  17  1:29  Assimilator  
  18  1:37  Assimilator  
  18  1:38  Probe  
  19  1:50  Probe, Pylon  
  20  2:02  Forge  
  20  2:11  Cybernetics Core  
  20  2:12  Probe  
  21  2:19  Probe  
  22  2:37  Photon Cannon  
  22  2:38  Warp Gate  
  22  2:43  Probe x2, Pylon  
  24  2:55  Mothership Core, Probe  
  27  3:07  Gateway  
  27  3:13  Zealot  
  27  3:15  Probe  
  30  3:46  Probe x2  
  32  3:54  Nexus  
  32  3:57  Pylon  
  32  3:58  Probe x2  
  32  4:01  Robotics Facility  
  34  4:08  Adept  
  38  4:10  Sentry, Probe  
  38  4:14  Probe  
  40  4:19  Assimilator  
  40  4:22  Probe  
  41  4:25  Assimilator  
  41  4:31  Probe  
  42  4:35  Probe  
  43  4:40  Gateway  
  43  4:41  Gateway  
  43  4:50  Stalker  
  43  4:51  Stalker  
  47  5:09  Observer  
  48  5:21  Pylon  
  48  5:24  Pylon  
  48  5:29  Gateway  
  48  5:30  Gateway, Observer  
  48  5:32  Gateway  
  48  5:35  Probe x3  
  52  5:46  Robotics Bay  
  52  5:47  Probe x2  
  52  5:48  Twilight Council  
  54  5:50  Gateway  
  54  5:52  Gateway  
  54  6:00  Immortal  
  54  6:02  Probe x2  
  59  6:16  Probe x3  
  62  6:24  Charge  
  62  6:28  Probe x2, Zealot x3  
  62  6:32  Assimilator  
  70  6:46  Probe x3  
  73  6:49  Assimilator  
  73  6:51  Photon Cannon  
  73  6:54  Photon Cannon  
  73  6:55  Disruptor  
  73  6:58  Probe x3  
  79  7:08  Pylon  
  79  7:10  Pylon  
  79  7:24  Pylon  
  79  7:25  Pylon  
  79  7:27  Pylon  
  79  7:30  Pylon  
  79  7:31  Adept, Disruptor, Zealot x3  
  79  7:32  Pylon  
  79  7:35  Protoss Ground Weapons Level 1  
  89  8:07  Warp Prism  
  91  8:16  Stalker  
  91  8:17  Stalker x6  
  91  8:18  Stalker x2  
  109  8:40  Blink  
  109  8:42  Colossus, Nexus  
  109  8:43  Zealot x3  
  109  8:44  Zealot x2, Assimilator  
  125  8:48  Assimilator  
  125  9:14  Forge  
  125  9:21  Templar Archives  
  125  9:23  Gateway  
  125  9:26  Gateway  
  125  9:32  Gateway  
  125  9:36  Colossus, Gateway  
  125  9:38  Gateway  
  131  9:53  Pylon  
  131  9:54  Pylon  
  131  9:55  Stargate  
  131  9:56  Pylon  
  131  9:58  Psionic Storm  
  131  10:02  Probe x4  
  135  10:10  Pylon  
  135  10:12  Pylon  
  135  10:14  Probe x4  
  139  10:23  High Templar x2  
  139  10:26  Probe  
  144  10:29  Colossus  
  150  10:40  Photon Cannon  
  150  10:44  Photon Cannon  
  150  10:45  Photon Cannon  
  150  10:46  Oracle  
  150  10:49  Pylon  
  153  10:53  High Templar x2  
  153  10:55  Stalker x2  
  161  11:01  Protoss Ground Armor Level 1  
  161  11:06  Archon  
  161  11:08  Protoss Ground Weapons Level 2  
  161  11:23  Colossus  
  167  11:26  Nexus  
  167  11:27  Extended Thermal Lance  
  167  11:38  Nexus  
  167  11:54  Fleet Beacon  
  167  12:01  Stalker x2  
  167  12:02  Stalker x2  
  175  12:16  Colossus  
  181  12:26  Assimilator  
  181  12:29  Assimilator  
  181  12:31  Pylon  
  181  12:34  Pylon  
  181  12:36  Pylon  
  181  12:38  Pylon  
  187  12:44  Zealot x2  
  187  12:45  Zealot x4  
  199  12:59  Protoss Ground Armor Level 2  
  199  13:32  Assimilator  
  199  13:33  Pylon  
  199  13:36  Pylon  
  199  13:38  Pylon  
  199  13:41  Assimilator  
  194  14:11  High Templar  
  150  14:34  High Templar  
  150  14:35  High Templar x7  
  150  14:36  High Templar x5  
  176  14:38  Archon x2  
  176  14:39  Archon x4  
  161  15:17  Probe x4  
  161  15:20  Zealot x2  
  161  15:21  Zealot x6  
  155  15:22  Zealot x4  
  155  15:23  Zealot  
Show
View Real Time Build Order
Export as new Build Order

wowscortcher Zerg 

Build Orders: Hatch First, Lurkers 

Get SALT Encoding   

  12  0:01  Drone  
  13  0:13  Overlord  
  13  0:18  Drone  
  14  0:32  Drone x2  
  16  0:38  Drone  
  17  0:55  Hatchery  
  17  0:56  Drone  
  17  1:07  Drone  
  17  1:10  Drone  
  19  1:16  Extractor  
  18  1:19  Spawning Pool  
  18  1:22  Drone  
  18  1:29  Drone  
  19  1:40  Overlord  
  19  1:54  Drone  
  20  2:04  Drone  
  20  2:06  Hatchery  
  21  2:08  Drone  
  21  2:17  Drone  
  22  2:23  Metabolic Boost  
  22  2:26  Zergling x2  
  22  2:29  Drone  
  24  2:30  Drone  
  24  2:35  Overlord  
  25  2:44  Drone  
  26  2:57  Zergling x2  
  27  3:03  Drone x2  
  27  3:04  Overlord  
  29  3:06  Lair  
  29  3:25  Drone x2  
  31  3:30  Zergling x4  
  31  3:32  Drone x2  
  34  3:39  Drone x2  
  34  3:40  Drone x2  
  38  3:49  Queen  
  38  3:51  Queen  
  38  3:53  Overlord  
  42  3:57  Drone x2, Extractor  
  42  4:02  Hatchery  
  42  4:03  Drone x2  
  44  4:20  Drone x5  
  49  4:25  Queen  
  51  4:33  Hydralisk Den  
  51  4:35  Spore Crawler  
  51  4:37  Spore Crawler  
  48  4:39  Spore Crawler  
  47  4:47  Queen  
  47  4:51  Overlord x2  
  47  4:52  Overlord  
  49  5:08  Overlord  
  49  5:09  Hydralisk x2  
  49  5:10  Hydralisk x4  
  60  5:27  Lurker Den  
  60  5:33  Hatchery  
  59  5:37  Drone  
  59  5:38  Drone x12  
  72  6:02  Drone x3, Extractor  
  74  6:10  Extractor  
  74  6:11  Queen x2  
  77  6:21  Hydralisk x3  
  77  6:22  Hydralisk x2  
  77  6:23  Overlord x2  
  88  6:25  Drone  
  88  6:27  Drone  
  89  6:49  Evolution Chamber  
  89  6:53  Overlord x2  
  88  6:55  Evolution Chamber, Drone x3  
  88  6:56  Lurker x2  
  92  7:09  Extractor  
  92  7:10  Extractor  
  92  7:11  Lurker  
  92  7:13  Spine Crawler  
  89  8:07  Hydralisk x6  
  89  8:09  Overlord x2  
  95  8:23  Evolution Chamber  
  94  8:28  Roach Warren  
  94  8:29  Zerg Missile Weapons Level 1  
  93  8:37  Drone x4  
  93  8:38  Drone x14  
  93  8:39  Drone x3  
  93  8:40  Overlord x4  
  93  8:41  Overlord, Queen  
  114  8:43  Queen  
  118  8:52  Extractor  
  117  8:57  Extractor  
  116  9:04  Lurker  
  116  9:05  Lurker  
  116  9:06  Lurker  
  119  9:13  Spore Crawler  
  119  9:16  Spine Crawler  
  117  9:18  Spine Crawler  
  117  9:22  Roach  
  117  9:23  Roach x4  
  126  9:37  Drone x2  
  128  9:52  Glial Reconstitution  
  128  9:54  Zerg Ground Armor Level 1  
  128  9:56  Roach x11  
  150  10:05  Muscular Augments  
  150  10:13  Spine Crawler x2  
  148  10:25  Ravager x5  
  148  10:27  Lurker  
  154  10:35  Overseer  
  154  10:37  Overseer  
  154  10:41  Drone x9  
  154  10:42  Drone x8  
  171  10:45  Queen  
  173  11:06  Zerg Missile Weapons Level 2  
  173  11:08  Zerg Melee Weapons Level 1  
  173  11:12  Overlord x2  
  173  11:15  Infestation Pit  
  172  11:32  Hatchery  
  171  11:34  Hydralisk x2, Roach, Extractor  
  171  11:35  Hydralisk x3  
  171  11:37  Hatchery  
  171  11:38  Lurker x7  
  171  11:39  Lurker  
  189  12:18  Hydralisk x5  
  189  12:22  Hive  
  199  12:56  Extractor  
  198  13:07  Hatchery  
  198  13:12  Drone  
  198  13:13  Drone x2  
  200  13:20  Spore Crawler  
  199  13:29  Tunneling Claws  
  199  13:32  Burrow  
  199  13:38  Adrenal Glands  
  190  14:24  Drone  
  133  14:29  Zergling x2  
  133  14:30  Zergling x16  
  133  14:31  Zergling x44  
  121  14:32  Zergling x28  
  146  14:41  Roach x13  
  146  14:42  Roach x13  
  198  14:52  Overseer  
  198  14:53  Overseer  
  179  15:06  Roach x8  
  179  15:07  Roach  
Tags
 
Add a new tag
Caveats
  • Supply blocks, unpowered buildings, or Contaminate may cause inaccurate times.
  • Supply counts are checked every 10 seconds.